 Dungeon Crawl Stone Soup version 0.28.0 (webtiles) character file.

Game seed: 2738632388018986373

11561 RighteousDevil the Severer (level 11, -4/92 HPs)
             Began as a Minotaur Monk on Feb 18, 2022.
             Was a High Priest of Sif Muna.
             Slain by Gastronok (26 damage)
             ... on level 11 of the Dungeon.
             The game lasted 00:21:36 (13911 turns).

RighteousDevil the Severer (Minotaur Monk)         Turns: 13911, Time: 00:21:37

Health: -4/92      AC: 12    Str: 16    XL:     11   Next: 50%
Magic:  31/31      EV: 12    Int: 14    God:    Sif Muna [*****.]
Gold:   239        SH:  5    Dex: 13    Spells: 27/27 levels left

rFire   . . .      SeeInvis +   a - +2 war axe (freeze)
rCold   . . .      Faith    .   D - +0 buckler
rNeg    . . .      Spirit   .   G - +0 steam dragon scales
rPois   .          Reflect  .   y - +2 hat {Int+3}
rElec   .          Harm     .   (no cloak)
rCorr   .          Rampage  .   s - +2 pair of gloves
Will    .....                   J - +0 pair of boots
Stlth   ++........              (no amulet)
HPRegen 0.25/turn               f - ring of magical power
MPRegen 0.22/turn               F - ring of see invisible

@: slowed, very slow
A: horns 2, retaliatory headbutt
a: Renounce Religion, Channel Magic, Forget Spell, Divine Exegesis


You were on level 11 of the Dungeon.
You worshipped Sif Muna.
Sif Muna was extremely pleased with you.
You visited 1 branch of the dungeon, and saw 11 of its levels.
You also visited: Sewer.

You collected 449 gold pieces.
You spent 210 gold pieces at shops.

Inventory:

Hand Weapons
 a - a +2 war axe of freezing (weapon)
 b - a +1 flail of protection
Missiles
 m - 3 silver boomerangs (quivered)
 r - 2 throwing nets
Armour
 p - a +0 scale mail
 s - a +2 pair of gloves (worn)
 y - a +2 hat of intelligence (worn)
 A - +0 acid dragon scales
 D - a +0 buckler (worn)
 G - +0 steam dragon scales (worn)
 J - a +0 pair of boots (worn)
Jewellery
 f - a ring of magical power (left hand)
 k - a ring of ice
 w - a ring of protection from fire
 F - a ring of see invisible (right hand)
 H - a ring of resist corrosion
Wands
 c - a wand of digging (3)
 u - a wand of acid (10)
 E - a wand of flame (2)
Scrolls
 e - 7 scrolls of teleportation
 j - a scroll of holy word
 n - a scroll of fog
 v - a scroll of magic mapping
 C - 3 scrolls of silence
Potions
 d - 3 potions of curing
 g - 4 potions of lignification
 h - a potion of invisibility {unknown}
 i - 2 potions of berserk rage
 l - a potion of cancellation {unknown}
 o - 2 potions of might
 q - 10 potions of flight
 t - a potion of ambrosia {unknown}
 x - a potion of brilliance {unknown}
 z - 3 potions of heal wounds
 B - a potion of attraction {unknown}


   Skills:
 + Level 7.3 Fighting
 - Level 15.8(16.0) Axes
 - Level 3.8(11.0) Maces & Flails
 + Level 3.6 Armour
 - Level 3.2 Dodging
 - Level 1.5 Stealth
 + Level 3.7 Shields
 - Level 8.5 Spellcasting


You had 27 spell levels left.
You didn't know any spells.
Your spell library contained the following spells:

 Spells                   Type           Power      Damage    Failure   Level
 Animate Skeleton         Necr           12%        N/A       16%         1
 Apportation              Tloc           12%        N/A       16%         1
 Magic Dart               Conj           24%        1d4       16%         1
 Pain                     Necr           24%        1d5       16%         1
 Sandblast                Erth           12%        2d6       16%         1
 Summon Small Mammal      Summ           24%        N/A       16%         1
 Passwall                 Tmut/Erth      5%         N/A       24%         2
 Searing Ray              Conj           12%        2d4       24%         2
 Static Discharge         Conj/Air       6%         N/A       24%         2
 Stone Arrow              Conj/Erth      12%        3d7       43%         3
 Vampiric Draining        Necr           6%         2d6       43%         3
 Flame Wave               Conj/Fire      6%         2d5       85%         4
 Fulminant Prism          Conj/Hex       3%         3d6       85%         4
 Iskenderun's Mystic Bla  Conj/Tloc      6%         2d4       85%         4
 Sticky Flame             Conj/Fire      6%         2d3       85%         4
 Borgnjor's Vile Clutch   Necr/Erth      3%         N/A       99%         5
 Iskenderun's Battlesphe  Conj           6%         2d6       99%         5
 Conjure Ball Lightning   Conj/Air       3%         3x3d6     100%        6
 Ignition                 Fire           3%         3d4       100%        8


Dungeon Overview and Level Annotations

Branches:
Dungeon (11/15)            Temple (0/1) D:7           Sewer (visited)
   Lair: D:8-11         Orc: D:9-12

Altars:
Fedhas
Sif Muna
Wu Jian

Shops:
D:4 [   D:5 (

Annotations:
D:11 Gastronok


Innate Abilities, Weirdness & Mutations

You have a pair of horns on your head.
You reflexively headbutt those who attack you in melee.


Message History

Okay, then.
Gastronok the Ponderous comes into view.
Gastronok gurgles horribly!
Gastronok is nearby!
Gastronok looks at you while chanting.
You feel yourself slow down. Gastronok misses you. You furiously retaliate!
You headbutt Gastronok! You slash Gastronok! You freeze Gastronok.
Gastronok is lightly wounded.
Gastronok bites you but does no damage.
You slash Gastronok! You freeze Gastronok. You headbutt Gastronok!
Gastronok is moderately wounded.
You hit Gastronok. You freeze Gastronok. You headbutt Gastronok!
Gastronok is moderately wounded.
Gastronok bites you!!
You hit Gastronok. You freeze Gastronok.
Gastronok is heavily wounded.
You slash Gastronok! You freeze Gastronok.
Gastronok is heavily wounded.
Gastronok mumbles some strange words.
You completely miss Gastronok. You headbutt Gastronok.
Gastronok is heavily wounded.
You hit Gastronok. You freeze Gastronok. You headbutt Gastronok!
Gastronok is severely wounded.
You block Gastronok's attack.
You hit Gastronok. You freeze Gastronok.
Gastronok is severely wounded.
Gastronok bites you!!
You slash Gastronok! You freeze Gastronok!
Gastronok is almost dead.
You hit Gastronok but do no damage.
Gastronok is almost dead.
Gastronok bites you!!
* * * LOW HITPOINT WARNING * * *
You hit Gastronok. You freeze Gastronok. You headbutt Gastronok.
Gastronok is almost dead.
You hit Gastronok. You freeze Gastronok.
Gastronok is almost dead.
Gastronok bites you!!
You die...

#########
.....rw.#
#@# #.#
#######.#
#.......#
#.......#
#.#####.#
#.......#
#.#####.#
#<.......


You could see Gastronok and a quokka (summoned).

Vanquished Creatures
  Harold (D:7)
  4 two-headed ogres
  Pikel (D:7)
  Maggie (D:7)
  A gargoyle (D:10)
  2 hornets (D:9)
  A shadow (D:9)
  6 yaks (D:10)
  Eustachio (D:5)
  A wyvern (D:10)
  A steam dragon (D:8)
  4 vampire mosquitoes (D:10)
  An acid dragon (D:10)
  2 water moccasins (D:8)
  3 sky beasts
  An orc warrior (D:9)
  2 ice beasts
  3 black bears (D:8)
  A necrophage (D:5)
  An ogre (D:4)
  5 centaurs
  4 phantoms
  3 lemures (D:6)
  2 kobold brigands
  3 bullfrogs
  A gnoll sergeant (D:9)
  3 wyvern zombies
  A water moccasin zombie (D:5)
  A scorpion (D:5)
  3 howler monkeys
  3 centaur zombies
  2 bullfrog zombies (D:5)
  8 orc priests
  A hound (D:5)
  A jelly (D:6)
  2 gnoll shamans
  5 iguanas
  13 orc wizards
  A hound skeleton (D:4)
  Robin (D:3)
  A howler monkey zombie (D:6)
  9 gnolls
  A howler monkey skeleton (D:6)
  8 adders
  3 river rats (Sewer)
  A shadow imp (D:6)
  2 white imps
  An ufetubus (D:5)
  An adder skeleton (D:4)
  2 worms
  2 dart slugs
  45 orcs
  7 ball pythons
  16 bats
  8 endoplasms
  10 giant cockroaches
  11 goblins
  7 hobgoblins
  10 jackals
  9 quokkas
  5 frilled lizards
  13 kobolds
  2 rats
275 creatures vanquished.

Notes
Turn   | Place    | Note
-------+----------+-------------------------------------------
     0 | D:1      | RighteousDevil the Minotaur Monk began the quest for the
                  | Orb.
     0 | D:1      | Reached XP level 1. HP: 19/19 MP: 0/0
   239 | D:1      | Reached XP level 2. HP: 26/27 MP: 1/1
   249 | D:1      | Reached skill level 1 in Axes
   779 | D:1      | Found a faded altar of an unknown god.
   855 | D:1      | Prayed at the altar of an unknown god.
   855 | D:1      | Became a worshipper of Sif Muna the Loreminder
   855 | D:1      | Reached * piety under Sif Muna
   855 | D:1      | Reached ** piety under Sif Muna
  1200 | D:2      | Reached XP level 3. HP: 34/34 MP: 2/2
  1334 | D:2      | Reached *** piety under Sif Muna
  1424 | D:2      | Reached skill level 2 in Axes
  1590 | D:2      | Found a blossoming altar of Fedhas.
  1663 | D:3      | Noticed Robin
  1679 | D:3      | Killed Robin
  1952 | D:3      | Reached skill level 5 in Fighting
  1952 | D:3      | Reached skill level 3 in Axes
  1952 | D:3      | Reached XP level 4. HP: 23/42 MP: 3/3
  2202 | D:3      | Found a glowing drain.
  2214 | Sewer    | Entered a sewer
  2501 | Sewer    | Reached **** piety under Sif Muna
  2502 | Sewer    | Reached XP level 5. HP: 48/48 MP: 4/4
  2519 | Sewer    | Reached skill level 4 in Axes
  3443 | D:4      | Reached XP level 6. HP: 47/57 MP: 5/5
  3455 | D:4      | Reached skill level 5 in Axes
  3896 | D:4      | Found Deifut's Antique Armour Shoppe.
  3915 | D:4      | Bought a pair of embroidered gloves for 210 gold pieces
  3966 | D:4      | Reached skill level 6 in Axes
  4180 | D:5      | Entered Level 5 of the Dungeon
  4253 | D:5      | Reached skill level 7 in Axes
  4253 | D:5      | Reached XP level 7. HP: 50/63 MP: 6/6
  4461 | D:5      | Found an ornate altar of the Wu Jian Council.
  4483 | D:5      | Reached ***** piety under Sif Muna
  4484 | D:5      | Reached skill level 8 in Axes
  4590 | D:5      | Noticed Eustachio
  4597 | D:5      | Killed Eustachio
  4598 | D:5      | Reached skill level 9 in Axes
  4680 | D:5      | Found Izuwna's Weapon Boutique.
  4792 | D:5      | Reached XP level 8. HP: 59/70 MP: 7/7
  4901 | D:5      | Reached skill level 10 in Axes
  5116 | D:5      | Received a gift from Sif Muna
  5125 | D:5      | Got Sif Muna's Almanac of Harmful Displacement {god gift}
  5362 | D:5      | Reached XP level 9. HP: 75/75 MP: 16/20
  5747 | D:6      | Reached skill level 11 in Axes
  7006 | D:7      | Noticed Pikel
  7142 | D:7      | Killed Pikel
  7143 | D:7      | Reached skill level 12 in Axes
  7698 | D:7      | Noticed Harold
  7716 | D:7      | Killed Harold
  7717 | D:7      | Reached XP level 10. HP: 43/83 MP: 21/21
  7961 | D:7      | Noticed Maggie
  7986 | D:7      | Killed Maggie
  7987 | D:7      | Reached skill level 13 in Axes
  8164 | D:7      | Found a staircase to the Ecumenical Temple.
  9828 | D:8      | Reached skill level 14 in Axes
 10197 | D:9      | Noticed a two-headed ogre
 10209 | D:9      | Killed a two-headed ogre
 10396 | D:9      | Paralysed by a hornet for 3 turns
 11357 | D:9      | Reached skill level 15 in Axes
 11630 | D:9      | Reached XP level 11. HP: 79/89 MP: 22/22
 11851 | D:10     | Entered Level 10 of the Dungeon
 11932 | D:10     | Received a gift from Sif Muna
 11998 | D:10     | Noticed a two-headed ogre
 11999 | D:10     | Noticed a two-headed ogre
 12013 | D:10     | Killed a two-headed ogre
 12013 | D:10     | Killed a two-headed ogre
 12087 | D:10     | Reached skill level 1 in Armour
 12087 | D:10     | Reached skill level 1 in Shields
 13283 | D:10     | Noticed a two-headed ogre
 13295 | D:10     | Killed a two-headed ogre
 13542 | D:10     | Got the Disquisition on Torrid Stones
 13896 | D:11     | Noticed Gastronok
 13911 | D:11     | Slain by Gastronok

Illustrated notes

Levels and vault maps discovered:
D:1:      lightli_arrival_lavapool, layout_basic,
          dilly_ecumenical_altar_fadedgnrine, serial_glass, glass_columns_a,
          glass_columns_a
D:2:      layout_rooms, basic_altar
D:3:      layout_rooms, gup_sewer_entry_pipe, uniq_robin
D:4:      layout_rooms, serial_shops, shop
D:5:      layout_loops_corners, nicolae_wu_jian_immortal_techniques,
          serial_shops, nicolae_shop_trees, uniq_eustachio
D:6:      layout_loops_ring
D:7:      layout_basic, minmay_temple_entry_enclosed_plants, uniq_maggie,
          uniq_pikel, uniq_harold
D:8:      layout_cave_pools, grunt_tough_drop
D:9:      layout_roguey, billiards_dpeg
D:10:     layout_small_grid
D:11:     layout_basic, dpeg_lair_monsters, gammafunk_ghost_icy, uniq_gastronok,
          uniq_grum, uniq_nergalle

Skill      XL: |  1  2  3  4  5  6  7  8  9 10 11 |
---------------+----------------------------------+-----
Fighting       | 4 5 6 7 |  7.3
Axes           | 1 3 4 7 9 10 12 15 | 15.8
Spellcasting   | 8 |  8.5
Armour         | 3 |  3.6
Shields        | 3 |  3.7
Maces & Flails | |  3.8
Dodging        | |  3.2
Stealth        | |  1.5

Action                   |  1- 3 |  4- 6 |  7- 9 | 10-12 || total
-------------------------+-------+-------+-------+-------++-------
Melee: Mace              |     8 |       |       |       ||     8
       War axe           |    78 |   146 |   204 |   321 ||   749
       Headbutt          |     8 |    19 |    43 |    69 ||   139
       Punch             |     2 |     2 |     1 |     3 ||     8
Throw: Boomerang         |       |       |       |    11 ||    11
Evoke: Wand              |       |       |       |    12 ||    12
  Use: Scroll            |     6 |     3 |       |    10 ||    19
       Potion            |       |       |     5 |     1 ||     6
 Stab: Sleeping          |     1 |       |       |     1 ||     2
Armor: Ring mail         |    26 |       |       |       ||    26
       Scale mail        |    11 |    97 |    72 |     7 ||   187
       Acid dragon scale |       |       |       |   110 ||   110
       Steam dragon scal |       |       |       |     3 ||     3
Dodge: Dodged            |    63 |    87 |    99 |   146 ||   395
Block: Buckler           |       |       |       |    38 ||    38
